 Dungeon Crawl Stone Soup version 0.27.1-16-g815e20cd7a (webtiles) character file.

Game seed: 13302252725328816551

23 zeram the Grave Robber (level 2, -2/19 HPs)
             Began as a Demonspawn Necromancer on Nov 21, 2021.
             Killed from afar by Sigmund (11 damage)
             ... with a puff of flame
             ... on level 2 of the Dungeon.
             The game lasted 00:03:21 (1090 turns).

zeram the Grave Robber (Demonspawn Necromancer)     Turns: 1090, Time: 00:03:22

Health: -2/19      AC:  2    Str:  8    XL:     2   Next: 72%
Magic:  4/5        EV: 12    Int: 16    God:
Gold:   86         SH:  0    Dex: 13    Spells: 4/5 levels left

rFire    . . .     SeeInvis .   d - +1 hand axe (vorpal)
rCold    . . .     Faith    .   (no shield)
rNeg     . . .     Spirit   .   a - +0 robe
rPois    .         Reflect  .   (no helmet)
rElec    .         Harm     .   e - scarf {+Inv}
rCorr    .         Rampage  .   (no gloves)
Will     .....                  (no boots)
Stlth    +.........             (no amulet)
HPRegen  0.06/turn              (no ring)
MPRegen  0.09/turn              (no ring)

@: confused
A: demonic magic 1
a: Evoke Invisibility


You were on level 2 of the Dungeon.
You visited 1 branch of the dungeon, and saw 2 of its levels.

You collected 86 gold pieces.

Inventory:

Hand Weapons
 d - a +1 vorpal hand axe (weapon)
Armour
 a - a +0 robe (worn)
 e - a scarf of invisibility (worn)
Scrolls
 c - a scroll of amnesia {unknown}
 f - a scroll of teleportation
 g - a scroll of identify
 h - a scroll of fear {unknown}
Potions
 b - a potion of cancellation


   Skills:
 - Level 0.1 Axes
 - Level 1.7 Dodging
 - Level 1.7 Stealth
 - Level 2.0 Spellcasting
 + Level 5.3 Necromancy


You had 4 spell levels left.
You knew the following spells:

 Your Spells              Type           Power      Damage    Failure   Level
a - Pain                  Necr           72%        1d7       2%          1

Your spell library contained the following spells:

 Spells                   Type           Power      Damage    Failure   Level
 Animate Skeleton         Necr           36%        N/A       2%          1
 Vampiric Draining        Necr           9%         2d7       7%          3
 Animate Dead             Necr           9%         N/A       24%         4
 Agony                    Necr           18%        N/A       54%         5


Dungeon Overview and Level Annotations

Branches:
Dungeon (2/15)

Altars:

Annotations:
D:2 Sigmund


Innate Abilities, Weirdness & Mutations

Spells you cast may paralyse adjacent enemies.


Message History

Sigmund the Dreaded comes into view.
He is wielding a +1 scythe of venom, wearing a +2 robe of willpower and carrying a wand of flame (28).
Found an escape hatch in the ceiling.
Found a stone staircase leading down.
Sigmund shouts!
Casting: Pain (safe; 2% risk of failure)
Confirm with . or Enter, or press ? or * to list all spells.
You can't see any susceptible monsters within range! (Use Z to cast anyway.) Unknown command.
Sigmund casts a spell at you. The puff of flame hits you.
Unknown command.
Sigmund casts a spell at you. You resist with significant effort.
Casting: Pain (safe; 2% risk of failure)
Confirm with . or Enter, or press ? or * to list all spells.
Aiming: Pain (safe; 2% risk of failure)
Press: ? - help, Shift-Dir - straight line, f - Sigmund
Aim: Sigmund, wielding a +1 scythe of venom, wearing a +2 robe of willpower and carrying a wand of flame (28) (chance to affect: 53%) Sigmund resists with significant effort.
Malevolent energies surge around you. Sigmund casts a spell at you.
You are confused.
You're too confused to cast spells.
Okay, then.
You're too confused to cast spells.
Okay, then.
Sigmund casts a spell at you.
You are more confused.
Okay, then.
Unknown command.
You bump into the rock wall.
Sigmund breathes a few words.
Sigmund's hands start flickering wildly.
You bump into the rock wall.
You bump into the rock wall.
Sigmund misses you.
You bump into the rock wall.
Sigmund points at you and mumbles some strange words.
The magic dart hits you.
Sigmund zaps a wand.
The puff of flame hits you!
Ouch! That really hurt!
You die...

#..>.<
#(###.##.#
....#.##.#
#.#.#.##.#
#.#†#.##@#
#.#.#.##.#
#.#.#.##.####
#.#.#.##....#
#.<...##@###.#
###...#.##
#....## #....#
#..#.# #..##.#
#..# ..# #...
... ##. ..#.


You could see Sigmund.

Vanquished Creatures
  A dart slug (D:1)
  An endoplasm (D:1)
  2 goblins (D:1)
  4 hobgoblins (D:1)
  A kobold (D:1)
  A quokka (D:1)
  2 ball pythons
  3 bats (D:1)
  2 frilled lizards (D:1)
  3 rats (D:1)
20 creatures vanquished.

Notes
Turn   | Place    | Note
-------+----------+-------------------------------------------
     0 | D:1      | zeram the Demonspawn Necromancer began the quest for the
                  | Orb.
     0 | D:1      | Reached XP level 1. HP: 13/13 MP: 3/3
   129 | D:1      | Gained mutation: Spells you cast may paralyse adjacent
                  | enemies. [demonic ancestry]
   129 | D:1      | Reached XP level 2. HP: 3/19 MP: 1/5
   146 | D:1      | Reached skill level 5 in Necromancy
  1079 | D:2      | Noticed Sigmund
  1090 | D:2      | Killed from afar by Sigmund

Illustrated notes

Levels and vault maps discovered:
D:1:      minmay_arrival_wavy_path, layout_rooms, minmay_pentomino_o4
D:2:      layout_loops_ring, kennysheep_generic_room_14, uniq_sigmund

Skill      XL: |  1  2 |
---------------+-------+-----
Necromancy     | 5 |  5.3
Axes           | |  0.1
Dodging        | |  1.7
Stealth        | |  1.7
Spellcasting   | |  2.0

Action                   || total
-------------------------++-------
Melee: Hand axe          ||    23
 Cast: Pain              ||    23
  Use: Scroll            ||     2
 Stab: Sleeping          ||     1
       Paralysed         ||     1
Armor: Robe              ||    14
Dodge: Dodged            ||    31
